 Dungeon Crawl Stone Soup version 0.20.1-1-g8b1a95d (console) character file.

150106 hilaritas the Severer (level 18, -2/147 HPs)
             Began as a Formicid Fighter on Aug 8, 2017.
             Was the Champion of Okawaru.
             Slain by the 27-headed Lernaean hydra (10 damage)
             ... on level 4 of the Swamp.
             The game lasted 01:22:10 (32116 turns).

hilaritas the Severer (Formicid Fighter)           Turns: 32116, Time: 01:22:11

Health: -2/147     AC: 35    Str: 37    XL:     18   Next: 15%
Magic:  21/27      EV: 17    Int: 10    God:    Okawaru [******]
Gold:   640        SH: 17    Dex: 14    Spells: 14/17 levels left

rFire    + + +     SeeInvis +   T - +0 great sword (flame)
rCold    + + +     Gourm    +   c - +1 shield
rNeg     + + +     Faith    .   W - +12 chain mail of the Endless Expanse {rPois rF- Int+3 Stlth+}
rPois    +         Spirit   .   (helmet unavailable)
rElec    .         Reflect  .   G - scarf {rC+ rF+}
rCorr    .         Harm     .   K - +2 pair of gloves {Str+3}
MR       +++..                  M - +2 pair of boots {Fly}
Stlth    +.........             R - amulet of Igoaw {Gourm rF+ rN+ MR+}
Regen    0.4/turn               S - ring of Siwneaqu {rF++ rC+ rN+ Str+3 Slay+2}
MPRegen  0.2/turn               N - ring of the Sneaky Emperors {*Drain rC+ rN+++ Int-4 Dex+4}

@: mighty, heroism, finesse, flying
A: permanent stasis, dig shafts and tunnels, four strong arms, antennae 3, icy
blue scales 1, magic resistance 1, poison resistance
a: Dig, Shaft Self, Heroism, Finesse, Renounce Religion, Stop Flying


You were on level 4 of the Swamp.
You worshipped Okawaru.
Okawaru was exalted by your worship.
You were not hungry.

You visited 4 branches of the dungeon, and saw 27 of its levels.
You also visited: Sewer and Ice Cave.

You collected 2629 gold pieces.
You spent 1989 gold pieces at shops.

Inventory:

Hand Weapons
 s - a +1 battleaxe of freezing
 H - a +7 battleaxe of freezing
 T - a +0 great sword of flaming (weapon)
Missiles
 E - 6 tomahawks of returning (quivered)
 F - 15 javelins of returning
Armour
 c - a +1 shield (worn)
 G - a scarf of resistance (worn)
 K - a +2 pair of gloves of strength (worn)
 M - a +2 pair of boots of flying (worn)
 W - the +12 chain mail of the Endless Expanse (worn) {rPois rF- Int+3 Stlth+}
   (You found it on level 4 of the Swamp)

   It affects your intelligence (+3).
   It makes you vulnerable to fire.
   It protects you from poison.
   It makes you more stealthy.
Jewellery
 A - an uncursed ring of flight
 J - the ring of Miulu {rPois Str+2 Slay+4}
   (You found it in an ice cave)

   [ring of poison resistance]

   It affects your strength (+2).
   It affects your accuracy and damage with ranged weapons and melee attacks
   (+4).
   It protects you from poison.
 L - a +3 ring of slaying
 N - the ring of the Sneaky Emperors (right hand) {*Drain rC+ rN+++ Int-4 Dex+4}
   (You found it on level 6 of the Lair of Beasts)

   [ring of protection from cold]

   It affects your intelligence (-4).
   It affects your dexterity (+4).
   It protects you from cold.
   It renders you almost immune to negative energy.
   It causes draining when unequipped.
 R - the amulet of Igoaw (around neck) {Gourm rF+ rN+ MR+}
   (You found it on level 2 of the Swamp)

   [amulet of the gourmand]

   It allows you to eat raw meat even when not hungry.
   It protects you from fire.
   It protects you from negative energy.
   It affects your resistance to hostile enchantments.
 S - the ring of Siwneaqu (left hand) {rF++ rC+ rN+ Str+3 Slay+2}
   (You found it on level 2 of the Swamp)

   [ring of positive energy]

   It affects your strength (+3).
   It affects your accuracy and damage with ranged weapons and melee attacks
   (+2).
   It greatly protects you from fire.
   It protects you from cold.
   It protects you from negative energy.
 Y - the ring "Qojieraw" {rPois rF++ rC- Str+4 Dex+5}
   (You found it on level 12 of the Dungeon)

   [ring of dexterity]

   It affects your strength (+4).
   It affects your dexterity (+5).
   It greatly protects you from fire.
   It makes you vulnerable to cold.
   It protects you from poison.
Wands
 b - a wand of flame (30/48)
 e - a wand of lightning (8/15)
 n - a wand of acid (5/15)
 o - a wand of digging (14/24)
 r - a wand of lightning (8/15)
 z - a wand of acid (7/15)
 D - a wand of digging (9/24)
 I - a wand of digging (2/24)
 Q - a wand of acid (13/15)
 U - a wand of disintegration (11/24)
 X - a wand of lightning (9/15)
Scrolls
 a - 2 scrolls of fear
 d - 3 scrolls of fog
 g - 5 scrolls of identify
 k - 8 scrolls of remove curse
 l - 2 scrolls of summoning
 t - 4 scrolls of recharging
 O - 4 scrolls of magic mapping
 P - 8 scrolls of enchant armour
 V - a scroll of holy word
Potions
 h - 3 potions of invisibility
 i - 3 potions of agility
 m - 2 potions of magic
 u - 13 potions of curing
 v - a potion of ambrosia
 w - 3 potions of brilliance
 x - 4 potions of might
 B - 4 potions of cancellation
 C - 2 potions of heal wounds
Comestibles
 f - 12 bread rations
 j - 10 fruits
 p - 6 royal jellies
 q - 8 meat rations


   Skills:
 * Level 14.6(19.6) Fighting
 - Level 1.0(6.0) Long Blades
 - Level 20.0(25.0) Axes
 - Level 3.0(8.0) Throwing
 + Level 11.2(16.2) Armour
 - Level 7.0(12.0) Dodging
 - Level 10.0(15.0) Shields
 - Level 13.0 Invocations


You had 14 spell levels left.
You knew the following spells:

 Your Spells              Type           Power        Failure   Level  Hunger
a - Swiftness             Chrm/Air       #.......     82%         2    ###....
b - Apportation           Tloc           #.....       67%         1    ##.....


Dungeon Overview and Level Annotations

Branches:
Dungeon (15/15)            Temple (0/1) D:4            Lair (6/6) D:9
  Swamp (4/4) Lair:3        Snake (0/4) Lair:2        Slime (0/5) Lair:6
    Orc (2/2) D:10            Elf (0/3) Orc:2        Vaults (0/5) D:13
 Depths (0/5) D:15

Altars:
Hepliaklqana
Makhleb
Nemelex Xobeh
Okawaru
Qazlal
Sif Muna
Jiyva

Shops:
D:7 }   D:9 :   Orc:1 [   Orc:2 :=*[*

Annotations:
D:13 exclusion: obsidian statue
Lair:3 exclusion: oklob plant
Swamp:4 Lernaean hydra


Innate Abilities, Weirdness & Mutations

You cannot be hasted, slowed, berserked, paralysed or teleported.
You can dig through walls and to a lower floor.
Your four strong arms can wield two-handed weapons with a shield.
You have a pair of large antennae on your head. (SInv)
You are partially covered in icy blue scales. (AC +2)
You are resistant to hostile enchantments. (MR+)
Your system is resistant to poisons. (rPois)


Message History

* * * LOW HITPOINT WARNING * * *
The 27-headed Lernaean hydra bites you!
* * * LOW HITPOINT WARNING * * *
The 27-headed Lernaean hydra bites you but does no damage.
You block the 27-headed Lernaean hydra's attack.
The 27-headed Lernaean hydra bites you but does no damage.
The 27-headed Lernaean hydra barely misses you.
The 27-headed Lernaean hydra bites you but does no damage. x2
You block the 27-headed Lernaean hydra's attack.
The 27-headed Lernaean hydra misses you.
The 27-headed Lernaean hydra bites you.
* * * LOW HITPOINT WARNING * * *
The 27-headed Lernaean hydra misses you.
The 27-headed Lernaean hydra completely misses you.
The 27-headed Lernaean hydra bites you but does no damage.
The 27-headed Lernaean hydra bites you.
* * * LOW HITPOINT WARNING * * *
The 27-headed Lernaean hydra bites you but does no damage.
The 27-headed Lernaean hydra bites you!
You die...

....#≈## ♣♣♣♣..≈....
≈≈#.≈≈≈# ♣♣≈...(♣♣♣≈
{ ≈≈≈≈§≈ ♣♣≈≈≈♣♣♣♣ ♣♣
##≈§≈≈ ♣≈≈≈♣♣ ♣
#≈.†.## ♣♣≈≈♣
#[†.≈#♣♣♣♣.♣ #WDD##≈♣
♣♣♣ ##D###.♣ ♣♣♣
##@†#≈♣♣ ♣≈. #≈†.#.♣
♣♣.≈ ♣.#....♣♣ ♣♣≈.≈
♣..≈.♣♣♣♣♣♣#♣♣♣≈♣♣♣≈
♣♣♣..≈≈♣≈♣...≈≈≈.≈♣♣
♣.≈.......≈≈≈..(♣♣
♣.......#.......≈≈≈
♣..............(...≈
.≈♣♣♣♣♣≈.≈.≈.≈..≈..≈≈


You could see the 27-headed Lernaean hydra, 2 swamp dragons and a shadow
(invisible).

Vanquished Creatures
  A storm dragon (D:13)
  A fire giant (D:13)
  A frost giant (IceCv)
  2 green draconians (Swamp:2)
  A yaktaur captain (D:15)
  4 ogre magi (Orc:2)
  A vault guard (D:13)
  2 ghost crabs
  19 hydras
  A merfolk avatar (Lair:6)
  6 centaur warriors
  19 two-headed ogres
  A catoblepas (D:15)
  A death yak (IceCv)
  2 tengu warriors (D:15)
  9 alligators
  A death knight (D:15)
  An orc high priest (Orc:1)
  3 skeletal warriors (D:15)
  2 sea snakes (Lair:6)
  3 spriggan druids (Swamp:2)
  2 deep trolls (Orc:1)
  An unseen horror (D:12)
  10 swamp dragons
  10 orc knights
  A wizard (D:15)
  3 orc sorcerers
  12 ugly things
  A manticore (Lair:6)
  A wolf spider zombie (D:14)
  7 cyclopes
  An ice statue (IceCv)
  12 elephants (Lair:6)
  A guardian serpent (D:9)
  Maurice (D:11)
  2 black mambas
  A gargoyle (D:13)
  A torpor snail (shapeshifter) (D:13)
  21 spiny frogs
  A kobold demonologist (D:13)
  A yaktaur (D:15)
  8 rime drakes
  10 komodo dragons
  5 tengu conjurers
  28 polar bears
  7 trolls
  5 slime creatures (Swamp:4)
  Grinder (D:6)
  6 tyrant leeches
  7 dream sheep (Lair:6)
  21 hornets
  Prince Ribbit (D:9)
  8 hippogriffs
  13 blink frogs
  7 bog bodies
  Sigmund (D:2)
  2 wyverns
  37 yaks
  15 spriggans
  2 basilisks (Lair:3)
  A shadow (D:14)
  A steam dragon (Lair:3)
  A wraith (D:12)
  15 vampire mosquitoes
  3 hungry ghosts
  8 insubstantial wisps
  4 wargs
  A naga (Lair:2)
  15 swamp worms
  2 hell hounds (D:9)
  10 swamp drakes
  16 water moccasins
  5 porcupines
  20 orc warriors
  2 ice beasts
  4 sky beasts
  4 black bears
  A necrophage (D:12)
  6 phantoms
  31 ogres
  2 eyes of draining
  A hornet zombie (D:7)
  22 wolves
  18 centaurs
  24 crocodiles
  2 big kobolds
  Blork the orc (D:5)
  A wyvern zombie (D:4)
  21 bullfrogs
  3 wyvern skeletons
  3 troll zombies (Swamp:3)
  4 scorpions
  7 killer bees
  9 howler monkeys
  7 wights (D:8)
  An electric eel (Lair:6)
  2 troll skeletons (Swamp:3)
  5 crimson imps
  2 bullfrog skeletons (D:5)
  2 centaur zombies
  9 hounds
  3 jellies
  Crazy Yiuf (D:7)
  17 orc priests
  13 orc wizards
  6 centaur skeletons
  4 iguanas
  A hell rat (D:8)
  9 worker ants
  4 hound skeletons
  A hound zombie (D:11)
  2 worker ant zombies
  13 adders
  8 river rats (D:8)
  2 shadow imps (D:11)
  An ooze (D:2)
  An adder skeleton (D:4)
  2 adder zombies
  7 leopard geckos
  53 orcs
  3 bats
  6 giant cockroaches
  7 goblins
  10 hobgoblins
  18 jackals
  30 kobolds
  12 quokkas
  4 ball pythons
  8 frilled lizards
  A giant cockroach zombie (D:6)
  A jackal zombie (D:6)
  21 rats
  2 fungi
  3 plants
925 creatures vanquished.

Vanquished Creatures (collateral kills)
  A centaur warrior (D:13)
  A manticore (D:13)
2 creatures vanquished.

Vanquished Creatures (others)
  3 swamp dragons (Swamp:4)
  2 polar bears (IceCv)
  3 yaks (IceCv)
  3 swamp drakes (Swamp:4)
  3 wolves (IceCv)
  An orc wizard (D:9)
  An adder (D:11)
  12 fungi (Lair:6)
  40 plants
68 creatures vanquished.

Grand Total: 995 creatures vanquished

Notes
Turn   | Place    | Note
-------+----------+-------------------------------------------
     0 | D:1      | hilaritas the Formicid Fighter began the quest for the Orb.
     0 | D:1      | Reached XP level 1. HP: 18/18 MP: 1/1
    88 | D:1      | Reached XP level 2. HP: 21/24 MP: 2/2
   669 | D:2      | Reached XP level 3. HP: 27/29 MP: 3/3
   706 | D:2      | Reached skill level 3 in Axes
   930 | D:2      | Found a burning altar of Makhleb.
   930 | D:2      | Found an iron altar of Okawaru.
   931 | D:2      | Found a deep blue altar of Sif Muna.
   938 | D:2      | Became a worshipper of Warmaster Okawaru
   969 | D:2      | Reached XP level 4. HP: 25/35 MP: 4/4
  1147 | D:2      | Noticed Sigmund
  1178 | D:2      | Killed Sigmund
  1178 | D:2      | Reached * piety under Okawaru
  1178 | D:2      | Reached skill level 5 in Axes
  1178 | D:2      | Reached skill level 5 in Shields
  1178 | D:2      | Reached XP level 5. HP: 16/41 MP: 5/5
  1178 | D:2      | Reached XP level 6. HP: 18/47 MP: 6/6
  1986 | D:3      | Found a stormy altar of Qazlal.
  1992 | D:3      | Found a transporter.
  2087 | D:3      | Found a transporter.
  2293 | D:3      | Found a glowing drain.
  2303 | Sewer    | Entered a sewer
  2971 | D:3      | Reached skill level 6 in Axes
  2971 | D:3      | Reached skill level 1 in Invocations
  2971 | D:3      | Reached XP level 7. HP: 51/52 MP: 4/7
  3118 | D:4      | Reached ** piety under Okawaru
  3133 | D:4      | Found a staircase to the Ecumenical Temple.
  3165 | D:4      | Found a sparkling altar of Nemelex Xobeh.
  3638 | D:4      | Found a hazy altar of Hepliaklqana.
  3647 | D:4      | Reached skill level 7 in Axes
  3833 | D:5      | Entered Level 5 of the Dungeon
  3848 | D:5      | Reached XP level 8. HP: 52/58 MP: 9/9
  3971 | D:5      | Noticed Blork the orc
  3986 | D:5      | Killed Blork the orc
  4102 | D:5      | Reached skill level 8 in Axes
  4898 | D:6      | Noticed Grinder
  4910 | D:6      | Killed Grinder
  4910 | D:6      | Reached *** piety under Okawaru
  5055 | D:6      | Reached skill level 9 in Axes
  5055 | D:6      | Reached XP level 9. HP: 36/64 MP: 11/11
  5875 | D:7      | Reached skill level 10 in Axes
  5942 | D:7      | Found Xownariso's Gadget Shoppe.
  5998 | D:7      | Reached **** piety under Okawaru
  6777 | D:7      | Reached skill level 5 in Fighting
  6777 | D:7      | Reached XP level 10. HP: 21/74 MP: 13/13
  7478 | D:7      | Reached skill level 5 in Invocations
  7668 | D:7      | Identified a scroll of acquirement
  7904 | D:7      | Found a runed door.
  7908 | D:7      | Noticed Crazy Yiuf
  7913 | D:7      | Killed Crazy Yiuf
  7959 | D:8      | Got a smoking scimitar
  7960 | D:8      | Identified the +10 scimitar of the Big Bang {freeze, *Noise rPois MR+ Int+5} (You found it on level 8 of the Dungeon)
  8054 | D:8      | Reached skill level 5 in Armour
  8588 | D:8      | Noticed a two-headed ogre
  8602 | D:8      | Killed a two-headed ogre
  8923 | D:8      | Reached ***** piety under Okawaru
  9074 | D:8      | Noticed a two-headed ogre
  9084 | D:8      | Killed a two-headed ogre
  9476 | D:8      | Reached XP level 11. HP: 82/85 MP: 15/15
  9743 | D:9      | Reached skill level 10 in Shields
  9859 | D:9      | Found a staircase to the Lair.
 10037 | D:9      | Found Ostraac's Book Emporium.
 10156 | D:9      | Noticed a cyclops
 10184 | D:9      | HP: 5/130 [cyclops (7)]
 10186 | D:9      | Killed a cyclops
 10895 | D:9      | Noticed Prince Ribbit
 10909 | D:9      | Killed Prince Ribbit
 11518 | D:10     | Entered Level 10 of the Dungeon
 11569 | D:10     | Noticed a two-headed ogre
 11579 | D:10     | Killed a two-headed ogre
 11579 | D:10     | Received a gift from Okawaru
 11634 | D:10     | Found a staircase to the Orcish Mines.
 12159 | D:10     | Reached skill level 10 in Fighting
 12506 | D:11     | Noticed a two-headed ogre
 12517 | D:11     | Killed a two-headed ogre
 12706 | D:11     | Reached XP level 12. HP: 97/97 MP: 18/18
 13204 | D:11     | Noticed Maurice
 13207 | D:11     | Reached skill level 1 in Throwing
 13212 | D:11     | Killed Maurice
 13212 | D:11     | Reached skill level 1 in Dodging
 13788 | D:12     | Noticed an unseen horror
 13822 | D:12     | Killed an unseen horror
 13822 | D:12     | Received a gift from Okawaru
 13822 | D:12     | Reached skill level 10 in Armour
 13827 | D:12     | Got a brightly glowing iron ring
 13829 | D:12     | Identified the ring "Qojieraw" {rPois rF++ rC- Str+4 Dex+5} (You found it on level 12 of the Dungeon)
 14394 | D:12     | Learned a level 2 spell: Swiftness
 14399 | D:12     | Learned a level 1 spell: Apportation
 14905 | D:13     | Noticed a centaur warrior
 14912 | D:13     | Killed a centaur warrior
 15029 | D:13     | Found a gate to the Vaults.
 15029 | D:13     | Noticed a vault guard
 15038 | D:13     | Killed a vault guard
 15211 | D:13     | Noticed a centaur warrior
 15220 | D:13     | Killed a centaur warrior
 15642 | D:13     | Noticed a centaur warrior
 15649 | D:13     | Killed a centaur warrior
 15655 | D:13     | HP: 3/97 [barbs]
 15662 | D:13     | Reached XP level 13. HP: 6/103 MP: 20/20
 15675 | D:12     | Reached skill level 10 in Invocations
 16099 | Lair:1   | Entered Level 1 of the Lair of Beasts
 16148 | Lair:1   | Found a frozen archway.
 16160 | IceCv    | Entered an ice cave
 16441 | IceCv    | Reached skill level 5 in Dodging
 16665 | IceCv    | Identified Rynupp Maruq's Collected Works on the Assistive Birds
 16690 | IceCv    | Reached ****** piety under Okawaru
 16800 | IceCv    | Received a gift from Okawaru
 17090 | IceCv    | Received a gift from Okawaru
 17536 | IceCv    | Noticed a frost giant
 17553 | IceCv    | Killed a frost giant
 17568 | IceCv    | Gained mutation: You are partially covered in icy blue scales. (AC +2) [potion of mutation]
 17568 | IceCv    | Gained mutation: You are resistant to hostile enchantments. (MR+) [potion of mutation]
 17568 | IceCv    | Gained mutation: Your system is resistant to poisons. (rPois) [potion of mutation]
 17904 | IceCv    | Got a glittering pewter ring
 18206 | Lair:1   | Identified the ring of Miulu {rPois Str+2 Slay+4} (You found it in an ice cave)
 18989 | Lair:2   | Received a gift from Okawaru
 19040 | Lair:2   | Found a staircase to the Snake Pit.
 19054 | Lair:2   | Reached XP level 14. HP: 110/110 MP: 23/23
 19568 | Lair:3   | Reached skill level 11 in Axes
 19930 | Lair:3   | Received a gift from Okawaru
 20095 | Lair:3   | Found a staircase to the Swamp.
 20214 | Lair:3   | Received a gift from Okawaru
 20214 | Lair:3   | Reached skill level 12 in Axes
 21670 | Lair:5   | Reached skill level 13 in Axes
 22063 | Lair:6   | Entered Level 6 of the Lair of Beasts
 22613 | Lair:6   | Reached XP level 15. HP: 95/118 MP: 24/24
 22733 | Lair:6   | Reached skill level 14 in Axes
 22769 | Lair:6   | Received a gift from Okawaru
 23230 | Lair:6   | Reached skill level 15 in Axes
 23299 | Lair:6   | Found a staircase to the Slime Pits.
 23299 | Lair:6   | Found a viscous altar of Jiyva.
 23475 | Lair:6   | Got a steaming jade ring
 23490 | Lair:6   | Identified the ring of the Sneaky Emperors {*Drain rC+ rN+++ Int-4 Dex+4} (You found it on level 6 of the Lair of Beasts)
 23861 | Orc:1    | Entered Level 1 of the Orcish Mines
 23912 | Orc:1    | Received a gift from Okawaru
 23919 | Orc:1    | Reached skill level 16 in Axes
 24229 | Orc:1    | Found Nuvat's Armour Emporium.
 24246 | Orc:1    | Bought a +2 pair of gloves of strength for 279 gold pieces
 24756 | Orc:2    | Entered Level 2 of the Orcish Mines
 24860 | Orc:2    | Found a staircase to the Elven Halls.
 24945 | Orc:2    | Found Tiecull's Book Shoppe.
 25453 | Orc:2    | Found Yduhex's General Store.
 25471 | Orc:2    | Received a gift from Okawaru
 25471 | Orc:2    | Reached XP level 16. HP: 92/127 MP: 23/25
 25497 | Orc:2    | Reached skill level 17 in Axes
 25692 | Orc:2    | Found Nuaq's Jewellery Emporium.
 25692 | Orc:2    | Found Luylacs's Antique Armour Shop.
 25692 | Orc:2    | Found Uneov's Assorted Antiques.
 25699 | Orc:2    | Bought a shiny plate armour for 884 gold pieces
 25712 | Orc:2    | Bought a scroll labeled ZUOFOLILYIX for 32 gold pieces
 25713 | Orc:2    | Bought a scroll of magic mapping for 52 gold pieces
 25713 | Orc:2    | Bought 3 scrolls of enchant armour for 337 gold pieces
 25713 | Orc:2    | Bought a potion of heal wounds for 75 gold pieces
 25928 | Orc:2    | Bought an uncursed amulet of regeneration for 330 gold pieces
 26232 | D:13     | Found a runed door.
 26258 | D:13     | Received a gift from Okawaru
 26320 | D:13     | Noticed a fire giant
 26328 | D:13     | Killed a fire giant
 26339 | D:13     | Noticed a storm dragon
 26348 | D:13     | Killed a storm dragon
 26617 | D:14     | Reached skill level 1 in Long Blades
 26816 | D:14     | Reached skill level 18 in Axes
 27264 | D:15     | Entered Level 15 of the Dungeon
 27377 | D:15     | Received a gift from Okawaru
 27985 | D:15     | Reached XP level 17. HP: 87/135 MP: 24/26
 28188 | D:15     | Found a staircase to the Depths.
 28568 | Swamp:1  | Entered Level 1 of the Swamp
 28974 | Swamp:1  | Reached skill level 19 in Axes
 29257 | Swamp:2  | Received a gift from Okawaru
 29434 | Swamp:2  | Found a transporter.
 30064 | Swamp:2  | Found a transporter.
 30185 | Swamp:2  | Received a gift from Okawaru
 30221 | Swamp:2  | Got a vibrating platinum amulet
 30222 | Swamp:2  | Identified the amulet of Igoaw {Gourm rF+ rN+ MR+} (You found it on level 2 of the Swamp)
 30241 | Swamp:2  | Got a flickering bronze ring
 30243 | Swamp:2  | Identified the ring of Siwneaqu {rF++ rC+ rN+ Str+3 Slay+2} (You found it on level 2 of the Swamp)
 30680 | Swamp:3  | Reached skill level 20 in Axes
 31379 | Swamp:4  | Entered Level 4 of the Swamp
 31407 | Swamp:4  | Got a crude chain mail
 31532 | Swamp:4  | Identified the +12 chain mail of the Endless Expanse {rPois rF- Int+3 Stlth+} (You found it on level 4 of the Swamp)
 31806 | Swamp:4  | Reached XP level 18. HP: 137/146 MP: 27/27
 32105 | Swamp:4  | Noticed the 27-headed Lernaean hydra
 32116 | Swamp:4  | Slain by the 27-headed Lernaean hydra

Skill      XL: |  1  2  3  4  5  6  7  8  9 10 11 12 13 14 15 16 17 |
---------------+----------------------------------------------------+-----
Shields        | 4 5 6 8 9 10 | 10.0
Axes           | 3 5 6 7 9 10 13 16 18 20 | 20.0
Invocations    | 1 2 3 4 6 8 9 13 | 13.0
Fighting       | 5 7 10 11 12 14 | 14.6
Armour         | 4 6 8 11 | 11.2
Throwing       | 3 |  3.0
Dodging        | 4 7 |  7.0
Long Blades    | 1 |  1.0

Action                   |  1- 3 |  4- 6 |  7- 9 | 10-12 | 13-15 | 16-18 || total
-------------------------+-------+-------+-------+-------+-------+-------++-------
Melee: War axe           |   105 |   186 |   355 |   115 |       |       ||   761
       Battleaxe         |       |       |       |   722 |   869 |   603 ||  2194
       Flail             |       |       |       |       |    29 |       ||    29
       Great sword       |       |       |       |       |       |    83 ||    83
Throw: Tomahawk          |       |       |       |    18 |       |     1 ||    19
       Throwing net      |       |       |       |     1 |       |       ||     1
Invok: Heroism           |       |     1 |     3 |    18 |    21 |    12 ||    55
       Finesse           |       |       |       |       |     1 |     1 ||     2
  Use: Potion            |       |     1 |     1 |     4 |     2 |     3 ||    11
       Scroll            |       |       |    10 |    14 |    10 |     8 ||    42
 Stab: Held in net/web   |       |       |       |     1 |       |       ||     1
       Distracted        |       |       |       |     1 |       |       ||     1
  Eat: Chunk             |       |     6 |     7 |    29 |    32 |    26 ||   100
       Bread ration      |       |     1 |     1 |       |       |       ||     2
       Fruit             |       |       |       |     1 |     2 |     1 ||     4
Armor: Scale mail        |    54 |    85 |    66 |       |       |       ||   205
       Skin              |       |       |     4 |     1 |       |       ||     5
       Chain mail        |       |       |    41 |   145 |   354 |   199 ||   739
       Plate armour      |       |       |       |   156 |       |   249 ||   405
Dodge: Dodged            |    40 |    64 |    73 |   242 |   380 |   372 ||  1171
Block: Shield            |    58 |   112 |   190 |   553 |   719 |   526 ||  2158
       Rpst.: Great sword |       |       |       |       |       |    17 ||    17
